 Dungeon Crawl Stone Soup version 0.28.0 (webtiles) character file.

Game seed: 4132259493555012183

177 browni3141 the Skirmisher (level 5, -3/70 HPs)
             Began as a Minotaur Berserker on Feb 10, 2022.
             Was a Follower of Trog.
             Succumbed to a water moccasin's poison
             ... on level 5 of the Dungeon.
             The game lasted 00:00:41 (1000 turns).

browni3141 the Skirmisher (Minotaur Berserker)      Turns: 1000, Time: 00:00:42

Health: -3/70      AC:  0    Str: 24    XL:     5   Next: 31%
Magic:  4/4        EV: 12    Int:  4    God:    Trog [*.....]
Gold:   68         SH:  0    Dex:  9    Spells: 4/4 levels left

rFire   . . .      SeeInvis .   g - +0 war axe
rCold   . . .      Faith    .   (no shield)
rNeg    . . .      Spirit   .   (no armour)
rPois   .          Reflect  .   (helmet restricted)
rElec   .          Harm     .   (no cloak)
rCorr   .          Rampage  .   (no gloves)
Will    .....                   (no boots)
Stlth   ..........              (no amulet)
HPRegen 0.21/turn               (no ring)
MPRegen 0.09/turn               (no ring)

@: berserking, lethally poisoned (-3 -> -28), very quick
A: horns 2, retaliatory headbutt
a: Renounce Religion, Berserk


You were on level 5 of the Dungeon.
You worshipped Trog.
Trog was aware of your devotion.
You visited 1 branch of the dungeon, and saw 5 of its levels.

You collected 68 gold pieces.

Inventory:

Hand Weapons
 g - a +0 war axe (weapon)
Jewellery
 c - an amulet of guardian spirit
Scrolls
 d - a scroll of fear {unknown}
Potions
 e - a potion of brilliance {unknown}
 f - a potion of ambrosia {unknown}


   Skills:
 + Level 4.8 Fighting
 + Level 4.7 Axes
 + Level 4.0 Armour
 + Level 3.6 Dodging


You had 4 spell levels left.
You didn't know any spells.
Your spell library was empty.

Dungeon Overview and Level Annotations

Branches:
Dungeon (5/15)
 Temple: D:4-7

Altars:


Innate Abilities, Weirdness & Mutations

You have a pair of horns on your head.
You reflexively headbutt those who attack you in melee.


Message History

You feel yourself moving faster!
You feel mighty!
You closely miss the water moccasin. The water moccasin barely misses you.
You closely miss the water moccasin.
Your headbutt misses the water moccasin.
The water moccasin barely misses you. The water moccasin bites you.
You are poisoned.
The water moccasin poisons you!
You closely miss the water moccasin.
You feel very sick. The water moccasin bites you.
You closely miss the water moccasin.
You feel sick. The water moccasin bites you.
* * * LOW HITPOINT WARNING * * *
You are more poisoned.
The water moccasin poisons you!
You are too injured to fight recklessly!
You barely miss the water moccasin.
* * * LOW HITPOINT WARNING * * *
You feel very sick. The water moccasin bites you.
* * * LOW HITPOINT WARNING * * *
You are too injured to fight recklessly!
You barely miss the water moccasin.
* * * LOW HITPOINT WARNING * * *
You feel very sick. The water moccasin bites you.
* * * LOW HITPOINT WARNING * * *
You are too injured to fight recklessly!
You closely miss the water moccasin. You headbutt the water moccasin!!
Your punch misses the water moccasin.
The water moccasin is severely wounded.
* * * LOW HITPOINT WARNING * * *
You feel sick. The water moccasin bites you.
* * * LOW HITPOINT WARNING * * *
You are more poisoned.
The water moccasin poisons you!
You are too injured to fight recklessly!
You miss the water moccasin.
The water moccasin is severely wounded.
You die...

....#...............<.....#
...........# ##...........#
...........# #........†..#
...........# ##...........#
...........# #............#
...........# #............#
...........###...##....####
.................##....#
..##........S@...##....#
#...........).##....#
######........# ....#
#............##....#
#.###..............#
###'###...........####
#..........>......#
#...........#.....#
#......#.####.....#


You could see a water moccasin.

Vanquished Creatures
  A phantom (D:5)
  A scorpion (D:5)
  A hound (D:5)
  2 dart slugs (D:2)
  A bat (D:1)
  An endoplasm (D:3)
  3 goblins
  A kobold (D:4)
  A ball python (D:2)
  A rat (D:2)
13 creatures vanquished.

Notes
Turn   | Place    | Note
-------+----------+-------------------------------------------
     0 | D:1      | browni3141 the Minotaur Berserker began the quest for the
                  | Orb.
     0 | D:1      | Reached XP level 1. HP: 19/19 MP: 0/0
   257 | D:2      | Reached XP level 2. HP: 27/27 MP: 1/1
   571 | D:5      | Entered Level 5 of the Dungeon
   571 | D:5      | Noticed a scorpion
   577 | D:5      | Killed a scorpion
   578 | D:5      | Reached XP level 3. HP: 27/34 MP: 2/2
   578 | D:5      | Reached XP level 4. HP: 32/41 MP: 3/3
   946 | D:5      | Noticed a phantom
   960 | D:5      | Killed a phantom
   961 | D:5      | Reached XP level 5. HP: 19/47 MP: 4/4
   989 | D:5      | Noticed a water moccasin
   999 | D:5      | HP: 2/70 [water moccasin (5)]
  1000 | D:5      | Succumbed to a water moccasin's poison

Illustrated notes

Levels and vault maps discovered:
D:1:      amcnicky_arrival_blooded_trapdoor, layout_basic, serial_bayou_ford_a
D:2:      layout_basic, serial_shops, nicolae_shop_behind_doors
D:3:      layout_loops_ring, uniq_robin
D:4:      cheibrodos_greedy_goblins, layout_loops_corners,
          nicolae_figureground_sparkle, uniq_edmund, uniq_ijyb
D:5:      layout_basic, overflow_temple_1_default,
          minmay_temple_entry_stoned_glass, serial_shops,
          nicolae_shop_behind_doors

Skill      XL: |  1  2  3  4 |
---------------+-------------+-----
Fighting       | 4 |  4.8
Axes           | 4 |  4.7
Armour         | 3 4 |  4.0
Dodging        | 3 |  3.6

Action                   |  1- 3 |  4- 6 || total
-------------------------+-------+-------++-------
Melee: Hand axe          |    26 |    13 ||    39
       Headbutt          |     2 |     2 ||     4
       War axe           |       |     8 ||     8
Invok: Berserk           |     1 |     2 ||     3
Armor: Animal skin       |     4 |     1 ||     5
Dodge: Dodged            |    17 |    13 ||    30
